 Dungeon Crawl Stone Soup version 0.28-a0-1520-gc3277d3759 (webtiles) character file.

Game seed: 7392251190332462541

37 sanka the Protected (level 3, 31/31 HPs)
             Began as a Gnoll Wanderer on Jan 17, 2022.
             Was a Follower of Uskayaw.
             Quit the game on level 1 of the Dungeon.
             The game lasted 00:01:43 (1413 turns).

sanka the Protected (Gnoll Wanderer)                Turns: 1413, Time: 00:01:43

Health: 31/31      AC: 11    Str: 13    XL:     3   Next: 39%
Magic:  4/4        EV:  6    Int: 11    God:    Uskayaw [*.....]
Gold:   53         SH:  5    Dex: 11    Spells: 3/3 levels left

rFire   . . .      SeeInvis .   a - +0 club
rCold   . . .      Faith    .   c - +0 buckler
rNeg    . . .      Spirit   .   d - +0 chain mail
rPois   .          Reflect  .   (no helmet)
rElec   .          Harm     .   (no cloak)
rCorr   .          Rampage  .   (no gloves)
Will    .....                   (no boots)
Stlth   ..........              (no amulet)
HPRegen 0.10/turn               (no ring)
MPRegen 0.09/turn               (no ring)

@: no status effects
A: fangs 1, strong nose, distributed training
a: Renounce Religion, Stomp


You were on level 1 of the Dungeon.
You worshipped Uskayaw.
Uskayaw was noncommittal.
You visited 1 branch of the dungeon, and saw 1 of its levels.

You collected 53 gold pieces.


Innate Abilities, Weirdness & Mutations

You have very sharp teeth.
Your uncanny sense of smell can sniff out nearby items.
Your experience applies equally to all skills.


   Skills:
 + Level 4.5 Fighting
 + Level 0.7 Short Blades
 + Level 0.7 Long Blades
 + Level 0.7 Axes
 + Level 0.7 Maces & Flails
 + Level 0.7 Polearms
 + Level 0.7 Staves
 + Level 0.7 Slings
 + Level 0.7 Bows
 + Level 0.7 Crossbows
 + Level 0.7 Throwing
 + Level 8.5 Armour
 + Level 2.6 Dodging
 + Level 0.7 Stealth
 + Level 4.5 Shields
 + Level 0.7 Unarmed Combat
 + Level 0.7 Spellcasting
 + Level 0.5 Conjurations
 + Level 0.5 Hexes
 + Level 0.5 Summonings
 + Level 0.5 Necromancy
 + Level 0.5 Translocations
 + Level 0.5 Transmutations
 + Level 0.5 Fire Magic
 + Level 0.5 Ice Magic
 + Level 0.5 Air Magic
 + Level 0.5 Earth Magic
 + Level 0.5 Poison Magic
 + Level 2.6 Invocations
 + Level 0.7 Evocations


You had 3 spell levels left.
You didn't know any spells.
Your spell library was empty.

Inventory:

Hand Weapons
 a - a +0 club (weapon)
Armour
 c - a +0 buckler (worn)
 d - a +0 chain mail (worn)
 f - a +0 tower shield
Scrolls
 b - a scroll of teleportation {@r4}
 e - a scroll of noise {unknown}

Dungeon Overview and Level Annotations

Branches:
Dungeon (1/15)

Altars:
Uskayaw

▒.▒.▒▒.....♣♣▒.....▒♣♣.........▒▒
▒.▒.▒▒..▒▒.♣÷▒..8..▒÷♣.▒..▒▒▒▒.▒.
▒.▒.▒▒..▒▒.♣♣▒.....▒♣♣.▒..▒ ▒.▒▒
▒.▒.▒▒..▒▒.♣♣▒▒▒'▒▒▒)♣.▒..▒ ▒.▒▒
▒.▒........♣♣..†.....♣.▒..▒ ▒.▒▒
▒.▒▒▒▒.▒▒..♣♣....P..♣♣....▒▒▒▒...
▒.▒▒▒▒.▒▒▒..♣♣.....♣♣..▒........▒
.......▒ ▒▒.[♣♣♣.♣♣♣.)▒▒.▒▒▒▒▒)..
▒▒▒.▒▒▒▒ ▒▒..♣♣g♣♣....▒...▒ ▒...
▒.▒ ▒....♣♣♣.........▒▒▒>▒▒ ▒.▒
▒..▒.........▒.▒.....▒
▒.▒▒▒▒▒▒▒..▒▒▒▒..............▒▒
▒▒▒..........▒ ▒▒▒▒.▒▒▒.▒.▒▒▒▒▒▒
.>...▒▒▒▒▒▒.▒▒ ▒.▒ ▒.▒.▒ ▒▒
▒▒▒▒.▒ ▒.▒ ▒.▒ ▒.▒.▒ ▒▒▒. .....▒
▒.▒ ▒.▒ ▒.▒.▒ ▒... ▒▒▒▒▒▒ ▒.▒ ▒.▒
▒.▒.▒ ▒.▒.


There were no monsters in sight!


Message History

Found 19 stones.
There is a stone staircase leading down here.
You see here a +0 robe.
You see here a +0 robe.
There is an open door here.
You open the door.
A bat comes into view.
Found a faded altar of an unknown god.
A bat is nearby!
A bat is nearby!
The bat hits you but does no damage.
There is an open door here.
Found a hand axe.
You block the bat's attack. The bat hits you.
You hit the bat.
You kill the bat!
No target in view!
No target in view!
No target in view!
You see here a +0 hand axe.
Search for what [Enter for "."]? .
There is a faded altar of an unknown god here.
You cannot tell which god this altar belongs to.
Convert to them anyway?
Uskayaw accepts your prayer! Uskayaw welcomes you!
You can now stomp with the beat.
Unknown command.
Press < or > to pray at altars.
Are you sure you want to abandon this character and quit the game? (Confirm with "yes".)

Action                   || total
-------------------------++-------
Melee: Club              ||   153
       Bite              ||    10
Armor: Chain mail        ||   116
Dodge: Dodged            ||    63
Block: Buckler           ||    40

Levels and vault maps discovered:
D:1:      mrwooster_arrival_statue_3, layout_loops_ring,
          dilly_ecumenical_altar_fadedgnrine

Notes
Turn   | Place    | Note
-------+----------+-------------------------------------------
     0 | D:1      | sanka the Gnoll Wanderer began the quest for the Orb.
     0 | D:1      | sanka set off with the following items: a +0 club, a scroll
                  | of teleportation {@r4}, a +0 buckler, a +0 chain mail
     0 | D:1      | Reached XP level 1. HP: 20/20 MP: 2/2
   235 | D:1      | Reached XP level 2. HP: 26/26 MP: 3/3
   704 | D:1      | Reached XP level 3. HP: 16/31 MP: 4/4
  1399 | D:1      | Found a faded altar of an unknown god.
  1412 | D:1      | Prayed at the altar of an unknown god.
  1412 | D:1      | Became a worshipper of Uskayaw the Reveller
  1412 | D:1      | Reached * piety under Uskayaw
  1413 | D:1      | Quit the game

Vanquished Creatures
  A gnoll (D:1)
  A dart slug (D:1)
  2 endoplasms (D:1)
  2 giant cockroaches (D:1)
  A hobgoblin (D:1)
  2 jackals (D:1)
  A quokka (D:1)
  A ball python (D:1)
  5 bats (D:1)
  4 frilled lizards (D:1)
  4 kobolds (D:1)
  2 rats (D:1)
26 creatures vanquished.

Vanquished Creatures (others)
  13 plants (D:1)
13 creatures vanquished.

Grand Total: 39 creatures vanquished
